AoeStats
← fat_dgk

Black Forest

506945031Analyzed
4v4 RM · 17d ago on Sep 15, 2026· 58m 45s· 8 players
Game mode
Random Map
Map size
Large (8 player)
Population
200
Speed
Normal
Resources
Standard
Victory
Conquest
Starting age
Dark Age
Ending age
Imperial Age
RankedLock teamsTeams togetherTeam positionsShared explorationLock speedFull tech treeHidden civsTurbo modeCheats
Victory
Defeat
🇨🇱 Dravidians · Chile
1229
+13
🇪🇸 Spanish · Spain
1137
+17
🇪🇸 Britons · Spain
1074
+20
🇦🇷 Poles · Argentina
1064
+20
🇺🇸 Slavs · United States
1221
-20
🇺🇸 Britons · United States
1160
-18
🇲🇽 Goths · Mexico
1148
-17
🇰🇿 Italians · Kazakhstan
1109
-15
Party Cannon
1:44 Loom
15:57 Feudal Age
21:47 Castle Age
20:43 Horse Collar
21:52 Double-Bit Axe
23:07 Fletching
33:25 Wheelbarrow
34:01 Bow Saw
34:37 Heavy Plow
35:26 Hand Cart
35:22 Gold Mining
35:27 Pikeman
39:38 Imperial Age
38:26 Gold Shaft Mining
37:42 Stone Mining
38:00 Scale Mail Armor
38:11 Forging
38:49 Squires
39:06 Chain Mail Armor
40:19 Iron Casting
39:59 Detinets
40:24 Druzhina
40:45 Conscription
39:54 Halberdier
40:18 Onager
42:57 Ballistics
42:35 Onager
42:43 Light Cavalry
43:33 Bloodlines
43:23 Husbandry
44:37 Two-Man Saw
45:40 Chemistry
45:47 Siege Onager
45:53 Siege Onager
54:16 Plate Mail Armor
Fenrir
10:45 Feudal Age
12:13 Double-Bit Axe
14:29 Castle Age
13:11 Horse Collar
15:31 Bow Saw
17:08 Heavy Plow
23:26 Wheelbarrow
22:38 Loom
22:39 Town Watch
23:53 Gold Mining
27:03 Hand Cart
31:00 Imperial Age
28:36 Scale Mail Armor
29:32 Ballistics
29:17 Pikeman
29:58 Squires
29:19 Man-at-Arms
30:17 Chain Mail Armor
30:12 Forging
29:56 Stone Mining
31:18 Stone Shaft Mining
32:05 Perfusion
32:26 Conscription
32:08 Anarchy
33:07 Crop Rotation
33:41 Two-Man Saw
33:50 Chemistry
33:08 Elite Huskarl
35:14 Iron Casting
37:02 Onager
40:07 Halberdier
41:57 Halberdier
45:44 Blast Furnace
1. d4
0:36 Loom
12:07 Feudal Age
16:34 Castle Age
14:59 Horse Collar
19:49 Fletching
23:17 Double-Bit Axe
25:35 Heavy Plow
29:59 Wheelbarrow
29:50 Bodkin Arrow
30:47 Padded Archer Armor
32:14 Hand Cart
35:25 Imperial Age
34:08 Bow Saw
35:34 Leather Archer Armor
35:42 Ballistics
35:20 Murder Holes
35:13 Treadmill Crane
36:19 Pikeman
37:00 Squires
36:45 Arson
36:46 Gambesons
37:44 Forging
37:35 Scale Mail Armor
39:19 Bracer
42:11 Ring Archer Armor
44:48 Elite Skirmisher
48:57 Crossbowman
49:51 Arbalester
52:43 Yeomen
53:46 Warwolf
8ibir
0:46 Loom
9:53 Feudal Age
17:25 Horse Collar
17:34 Double-Bit Axe
23:41 Castle Age
22:25 Stone Mining
23:45 Fletching
23:55 Padded Archer Armor
25:01 Gold Mining
24:55 Elite Skirmisher
26:18 Wheelbarrow
29:00 Ballistics
29:12 Hand Cart
29:58 Bow Saw
29:57 Crossbowman
30:43 Thumb Ring
31:35 Fortified Wall
31:39 Bodkin Arrow
32:03 Leather Archer Armor
35:31 Imperial Age
33:11 Heavy Plow
36:32 Conscription
35:40 Arbalester
38:41 Chemistry
38:11 Fortified Wall
38:18 Bracer
38:49 Ring Archer Armor
42:41 Ring Archer Armor
46:07 Capped Ram
xX ErCabEe Xx
0:32 Loom
11:22 Feudal Age
16:10 Double-Bit Axe
20:50 Castle Age
19:18 Gold Mining
19:56 Fletching
22:05 Horse Collar
22:33 Bodkin Arrow
29:55 Bow Saw
30:27 Heavy Plow
31:59 Ballistics
35:21 Imperial Age
33:33 Stone Mining
34:19 Gold Shaft Mining
34:30 Wheelbarrow
34:24 Padded Archer Armor
34:52 Yeomen
35:40 Elite Longbowman
36:42 Conscription
36:24 Town Watch
37:20 Bracer
38:29 Chemistry
37:42 Fortified Wall
39:22 Hand Cart
48:00 Leather Archer Armor
54:55 Warwolf
KingFrancs
7:42 Loom
11:56 Feudal Age
17:29 Castle Age
17:51 Double-Bit Axe
22:25 Wheelbarrow
22:10 Bow Saw
25:08 Husbandry
25:19 Bloodlines
30:47 Imperial Age
29:13 Gold Mining
29:17 Stone Mining
30:03 Hand Cart
31:19 Stone Shaft Mining
31:28 Scale Barding Armor
31:15 Fletching
31:30 Cavalier
32:11 Husbandry
32:21 Bloodlines
33:37 Two-Man Saw
32:33 Town Watch
35:05 Chain Barding Armor
34:41 Bodkin Arrow
34:57 Forging
34:50 Padded Archer Armor
36:15 Chemistry
35:28 Masonry
36:36 Town Patrol
39:46 Plate Barding Armor
46:47 Bracer
47:22 Iron Casting
47:04 Leather Archer Armor
50:53 Blast Furnace
50:23 Ring Archer Armor
51:05 Paladin
52:37 Architecture
53:10 Elite Conquistador
54:11 Conscription
54:43 Hoardings
55:06 Caravan
fat_dgk
11:10 Feudal Age
15:03 Castle Age
13:10 Double-Bit Axe
13:37 Horse Collar
23:05 Wheelbarrow
25:12 Hand Cart
27:38 Fletching
28:29 Loom
31:42 Imperial Age
29:48 Thumb Ring
29:41 Gold Mining
29:52 Bodkin Arrow
29:59 Padded Archer Armor
30:53 Thumb Ring
31:25 Ballistics
31:54 Siege Elephant
32:54 Bracer
33:14 Leather Archer Armor
34:00 Scale Barding Armor
33:59 Husbandry
34:32 Elite Elephant Archer
36:12 Ring Archer Armor
36:02 Chain Barding Armor
35:54 Forging
37:20 Chemistry
36:21 Scale Mail Armor
38:11 Wootz Steel
38:12 Conscription
38:28 Elite Urumi Swordsman
40:33 Medical Corps
40:45 Chain Mail Armor
41:06 Iron Casting
45:46 Squires
45:06 Man-at-Arms
45:32 Gambesons
51:16 Long Swordsman
51:42 Arson
52:28 Plate Mail Armor
52:59 Blast Furnace
52:07 Two-Handed Swordsman
53:27 Champion
KillerINSTIC
2:46 Loom
11:03 Feudal Age
11:40 Double-Bit Axe
12:52 Town Watch
18:03 Fletching
18:14 Padded Archer Armor
21:48 Horse Collar
22:00 Gold Mining
24:13 Wheelbarrow
28:34 Castle Age
28:05 Stone Mining
29:45 Bloodlines
29:47 Forging
29:43 Scale Barding Armor
29:29 Elite Skirmisher
30:22 Bow Saw
30:14 Heavy Plow
33:41 Iron Casting
36:38 Chain Barding Armor
36:56 Husbandry
44:02 Imperial Age
41:41 Bodkin Arrow
43:30 Murder Holes
44:42 Hand Cart
44:34 Town Patrol
46:49 Blast Furnace
45:50 Bracer
46:27 Cavalier
47:10 Scale Mail Armor
49:12 Conscription
51:28 Szlachta Privileges
51:59 Hoardings
52:01 Elite Obuch
52:45 Arrowslits
53:21 Ballistics
53:08 Light Cavalry
56:44 Chain Mail Armor
56:52 Lechitic Legacy
56:00 Capped Ram
57:43 Chemistry
56:25 Treadmill Crane
58:16 Plate Mail Armor
Connection lost

Rejoining the realm…

Still unreachable

The connection could not be restored.

Session expired

The server has moved on; the page needs a fresh start.